 Dungeon Crawl Stone Soup version 0.25-a0-426-g7d9e569eea (webtiles) character file.

Game seed: 11919106778972719194, levelgen mode: deterministic

63 kae the Insei (level 3, -3/29 HPs)
             Began as a Draconian Transmuter on Jan 24, 2020.
             Slain by a worm (8 damage)
             ... on level 2 of the Dungeon.
             The game lasted 00:01:45 (2253 turns).

kae the Insei (Draconian Transmuter)                Turns: 2253, Time: 00:01:46

Health: -3/29      AC:  5    Str: 12    XL:     3   Next: 89%
Magic:  6/6        EV: 12    Int: 13    God:
Gold:   27         SH:  0    Dex: 12    Spells: 0/6 levels left

rFire    . . .     SeeInvis .   g - +0 mace
rCold    . . .     Gourm    .   (no shield)
rNeg     . . .     Faith    .   (armour unavailable)
rPois    .         Spirit   .   (helmet restricted)
rElec    .         Reflect  .   (no cloak)
rCorr    .         Harm     .   (no gloves)
MR       .....                  (no boots)
Stlth    +.........             (no amulet)
HPRegen  0.09/turn              (no ring)
MPRegen  0.10/turn              (no ring)

@: no status effects
A: unfitting armour, cold-blooded, AC +5
a: no special abilities


You were on level 2 of the Dungeon.
You were not hungry.

You visited 1 branch of the dungeon, and saw 2 of its levels.

You collected 27 gold pieces.

Inventory:

Hand Weapons
 g - a +0 mace (weapon)
Missiles
 a - 32 arrows
Scrolls
 e - 2 scrolls of teleportation
 f - a scroll of identify
 i - a scroll of remove curse
 m - a scroll of amnesia {unknown}
Potions
 b - a potion of flight
 d - a potion of agility
 h - a potion of might {unknown}
 j - a potion of degeneration {unknown}
 k - a potion of ambrosia {unknown}
 l - 2 potions of haste {unknown}
Comestibles
 c - a ration
 n - a chunk of flesh


   Skills:
 - Level 2.0 Fighting
 - Level 1.7 Dodging
 + Level 3.4 Unarmed Combat
 + Level 2.4 Spellcasting
 * Level 3.1 Transmutations


You couldn't memorise any spells.
You knew the following spells:

 Your Spells              Type           Power        Failure   Level  Hunger
a - Beastly Appendage     Tmut           #.....       7%          1    #......
b - Sticks to Snakes      Tmut           #.......     11%         2    ###....
c - Spider Form           Tmut/Pois      #.........   36%         3    ###....

Your spell library contained the following spells:

 Spells                   Type           Power        Failure   Level  Hunger
 Ice Form                 Ice/Tmut       #.......     77%         4    #####..
 Blade Hands              Tmut           #.........   88%         5    ######.


Dungeon Overview and Level Annotations

Branches:
Dungeon (2/15)

Altars:
Qazlal


Innate Abilities, Weirdness & Mutations

Your plain brown scales are hard. (AC +5)
You cannot fit into any form of body armour.
You are cold-blooded and may be slowed by cold attacks.


Message History

The worm is severely wounded.
The worm bites you but does no damage.
You hit the worm.
The worm is severely wounded.
You barely miss the worm.
The worm is severely wounded.
The worm bites you.
You hit the worm.
The worm is severely wounded.
The worm bites you.
You are too injured to fight recklessly!
You hit the worm but do no damage.
The worm is severely wounded.
The worm bites you!
* * * LOW HITPOINT WARNING * * *
Your magical contamination has completely faded away.
You barely miss the worm.
The worm is severely wounded.
The worm bites you!
You die...

#. #. #.## #### #...
...# #..# ...# ..# ...#
#######)# ...# .......@#
...#############w#.####
......†..........._...w.
.############......#####
.+ #.###### .# #.# .#
#.# .# #.# . #.#


You could see a worm.

Vanquished Creatures
  2 adders (D:2)
  A worm (D:2)
  2 leopard geckos (D:1)
  2 giant cockroaches (D:2)
  10 goblins
  3 hobgoblins (D:1)
  2 jackals (D:1)
  4 kobolds
  8 bats (D:1)
  5 rats
39 creatures vanquished.

Notes
Turn   | Place    | Note
-------+----------+-------------------------------------------
     0 | D:1      | kae the Draconian Transmuter began the quest for the Orb.
     0 | D:1      | Reached XP level 1. HP: 16/16 MP: 3/3
   360 | D:1      | Reached XP level 2. HP: 13/23 MP: 3/5
  1355 | D:1      | Reached XP level 3. HP: 29/29 MP: 4/6
  1848 | D:2      | Learned a level 2 spell: Sticks to Snakes
  1852 | D:2      | Learned a level 3 spell: Spider Form
  2229 | D:2      | Found a stormy altar of Qazlal.
  2253 | D:2      | Slain by a worm

Levels and vault maps discovered:
D:1:      lightli_arrival_quake, layout_basic, roderic_st_hans_cross
D:2:      layout_basic, overflow_temple_1_default

Skill      XL: |  1  2  3 |
---------------+----------+-----
Transmutations | 3 |  3.1
Fighting       | 2 |  2.0
Dodging        | |  1.7
Unarmed Combat | |  3.4
Spellcasting   | |  2.4

Action                   || total
-------------------------++-------
Melee: Unarmed           ||    24
       Mace              ||   110
       Tailslap          ||     7
       Kick              ||     7
       Headbutt          ||     5
 Cast: Beastly Appendage ||    27
  Use: Scroll            ||     5
  Eat: Chunk             ||     5
Armor: Skin              ||    40
Dodge: Dodged            ||   116

Table legend:
 A = Non-vault XP
 B = Vault XP
 C = Vault XP percentage of total XP
 D = Non-vault monster count
 E = Vault monster count
 F = Vault count percentage of total count
                 A         B        C        D         E       F
            +---------+---------+-------+---------+---------+-------
      Total |      91 |       0 |   0.0 |      39 |       0 |   0.0
            +---------+---------+-------+---------+---------+-------
        D:1 |      46 |       0 |   0.0 |      27 |       0 |   0.0
        D:2 |      45 |       0 |   0.0 |      12 |       0 |   0.0
            +---------+---------+-------+---------+---------+-------
